Map: Pillars of Gold LE

Players

Heeebster

  • Race: Protoss Protoss
  • League: Diamond
  • Spawn Location: 7:00

BisugoPh - Winner!

  • Race: Protoss Protoss
  • League: Diamond
  • Spawn Location: 1:00

VOD

Have the link to the VOD?

Description

Time

  • Played on: Nov. 16, 2020, 9:24 p.m.
  • Length: 20:11
Show
View Real Time Build Order
Export as new Build Order

Heeebster Protoss 

Build Orders: Oracle Opening 

Get SALT Encoding   

  12  0:01  Probe  
  13  0:14  Pylon  
  13  0:18  Probe (Chrono Boost)  
  14  0:27  Probe (Chrono Boost)  
  15  0:34  Gateway  
  15  0:38  Probe  
  16  0:45  Assimilator  
  16  0:50  Assimilator  
  16  0:53  Probe  
  17  1:05  Probe  
  18  1:17  Probe  
  19  1:29  Cybernetics Core, Probe (Chrono Boost)  
  20  1:33  Pylon  
  20  1:36  Pylon  
  20  1:41  Probe (Chrono Boost)  
  21  1:48  Probe (Chrono Boost)  
  22  2:01  Probe  
  22  2:05  Stalker  
  22  2:06  Warp Gate  
  25  2:12  Stargate  
  25  2:35  Stalker  
  27  2:54  Oracle (Chrono Boost)  
  30  3:02  Pylon  
  30  3:06  Gateway  
  30  3:07  Gateway  
  30  3:11  Gateway  
  27  3:56  Stalker  
  29  4:07  Stalker x3, Pylon  
  35  4:19  Pylon  
  35  4:22  Stalker  
  37  4:26  Oracle  
  38  4:34  Stalker x2  
  36  4:51  Stalker x2  
  30  5:06  Oracle  
  31  5:32  Stalker x2  
  31  5:35  Stalker  
  37  5:49  Stalker  
  37  5:58  Stalker  
  32  6:09  Stalker  
  30  6:21  Stalker x2  
  34  6:39  Nexus  
  33  6:48  Stalker  
  35  7:02  Pylon  
  35  7:06  Stalker  
  37  7:26  Shield Battery  
  37  7:27  Shield Battery  
  37  7:29  Shield Battery  
  37  7:36  Pylon  
  37  7:40  Sentry  
  39  7:45  Sentry  
  42  7:51  Probe (Chrono Boost)  
  42  7:56  Probe (Chrono Boost)  
  43  8:01  Probe (Chrono Boost)  
  43  8:05  Probe (Chrono Boost)  
  45  8:07  Probe (Chrono Boost)  
  46  8:18  Probe  
  46  8:19  Probe (Chrono Boost)  
  48  8:27  Robotics Facility  
  48  8:31  Probe (Chrono Boost)  
  48  8:33  Assimilator  
  50  8:36  Probe (Chrono Boost)  
  50  8:38  Assimilator  
  50  8:41  Probe (Chrono Boost)  
  51  8:44  Probe (Chrono Boost)  
  51  8:45  Pylon  
  53  8:50  Probe (Chrono Boost)  
  53  8:51  Probe (Chrono Boost)  
  54  8:57  Twilight Council, Probe (Chrono Boost)  
  56  9:03  Probe (Chrono Boost)  
  56  9:08  Stalker  
  56  9:09  Probe (Chrono Boost)  
  59  9:13  Probe x2 (Chrono Boost)  
  61  9:23  Probe x2  
  63  9:26  Immortal (Chrono Boost)  
  63  9:30  Charge (Chrono Boost)  
  67  9:35  Probe x2  
  67  9:38  Forge  
  69  9:46  Forge  
  69  9:50  Probe x2  
  71  9:58  Immortal (Chrono Boost)  
  75  10:17  Templar Archives  
  75  10:20  Gateway, Protoss Ground Weapons Level 1 (Chrono Boost)  
  75  10:21  Protoss Ground Armor Level 1 (Chrono Boost)  
  75  10:24  Gateway  
  75  10:30  Gateway  
  75  10:32  Zealot  
  77  10:37  Observer (Chrono Boost)  
  78  10:48  Pylon  
  78  10:52  Pylon x2  
  78  11:06  Warp Prism  
  78  11:08  High Templar x3  
  86  11:15  High Templar  
  86  11:16  Archon, Pylon  
  88  11:18  Pylon  
  88  11:25  Zealot  
  88  11:26  Zealot x2  
  88  11:27  Archon  
  94  11:33  Pylon  
  94  11:36  Pylon  
  94  11:42  Immortal  
  94  11:45  Pylon  
  98  11:47  High Templar x2  
  98  11:49  Zealot x3  
  98  11:51  Archon  
  98  11:53  Zealot  
  110  11:55  Zealot  
  109  12:19  Zealot x2  
  109  12:20  Nexus  
  109  12:21  High Templar  
  109  12:22  High Templar, Pylon  
  117  12:25  High Templar  
  117  12:27  Archon  
  117  12:29  Zealot  
  119  12:47  Zealot x2  
  119  12:48  Zealot  
  93  13:07  Zealot x4  
  67  13:36  Zealot x7  
  69  13:42  Protoss Ground Armor Level 2 (Chrono Boost)  
  69  13:53  Immortal (Chrono Boost)  
  65  13:58  Protoss Ground Weapons Level 2 (Chrono Boost)  
  65  14:01  Probe  
  65  14:02  Probe x2  
  66  14:04  Shield Battery  
  66  14:06  Shield Battery  
  66  14:09  Pylon  
  58  14:14  Probe (Chrono Boost)  
  59  14:18  Probe (Chrono Boost)  
  59  14:19  Probe (Chrono Boost)  
  59  14:22  Immortal (Chrono Boost)  
  64  14:24  High Templar x2  
  64  14:25  High Templar x3, Probe (Chrono Boost)  
  64  14:27  Zealot  
  64  14:29  Archon x2, Probe (Chrono Boost)  
  64  14:31  Zealot, Probe (Chrono Boost)  
  77  14:32  Probe  
  77  14:36  Assimilator  
  81  14:38  Probe  
  81  14:41  Assimilator  
  81  14:42  Probe  
  82  14:47  Probe  
  83  14:54  Zealot x2  
  83  14:55  Immortal (Chrono Boost)  
  91  15:19  Zealot x7  
  79  15:39  Zealot x2  
  79  15:40  High Templar x5  
  83  15:49  Archon x2  
  67  16:01  Zealot x2  
  71  16:15  High Templar  
  71  16:16  High Templar  
  65  16:20  Archon  
  59  16:47  Zealot x4  
  59  16:48  Zealot x2  
  71  17:11  Zealot  
  71  17:12  Zealot  
  67  17:53  Nexus  
  67  18:00  Zealot  
  43  18:35  High Templar x2  
  43  18:36  High Templar x3  
  43  18:37  Zealot x2  
  43  18:39  Archon  
  43  18:40  Archon  
  46  19:06  Zealot x2  
  43  19:12  Zealot x3  
  38  19:28  Zealot x3  
  39  19:36  Zealot x2  
  37  19:45  Zealot  
  30  19:46  High Templar  
Show
View Real Time Build Order
Export as new Build Order

BisugoPh Protoss - Winner!

Build Orders:  

Get SALT Encoding   

  12  0:00  Probe  
  13  0:13  Probe  
  14  0:18  Pylon  
  14  0:25  Probe (Chrono Boost)  
  15  0:37  Probe (Chrono Boost)  
  15  0:40  Gateway  
  16  0:45  Probe (Chrono Boost)  
  17  0:51  Probe  
  17  0:54  Assimilator  
  18  1:03  Probe  
  19  1:13  Gateway  
  19  1:15  Probe  
  20  1:24  Assimilator  
  20  1:27  Probe  
  20  1:32  Pylon  
  21  1:43  Cybernetics Core  
  21  1:44  Probe  
  22  1:56  Probe  
  23  2:16  Probe  
  23  2:19  Stalker (Chrono Boost)  
  23  2:22  Stalker (Chrono Boost)  
  28  2:23  Warp Gate  
  28  2:40  Gateway  
  27  2:46  Stalker (Chrono Boost)  
  31  2:53  Stalker (Chrono Boost)  
  31  2:59  Pylon  
  31  3:08  Shield Battery  
  31  3:17  Stalker, Shield Battery  
  29  3:43  Stalker  
  29  3:47  Stalker  
  33  4:01  Probe  
  33  4:21  Stalker  
  33  4:23  Stalker  
  37  4:25  Stalker  
  37  4:30  Pylon  
  37  4:45  Stalker  
  33  4:54  Stalker x2  
  35  5:10  Stalker  
  35  5:19  Stalker x2  
  36  5:33  Probe (Chrono Boost)  
  38  5:44  Probe (Chrono Boost)  
  38  5:48  Probe (Chrono Boost)  
  35  6:06  Stalker x3  
  39  6:13  Shield Battery  
  33  6:33  Probe (Chrono Boost)  
  33  6:35  Nexus  
  34  6:43  Probe (Chrono Boost)  
  34  6:46  Stalker  
  37  6:48  Probe (Chrono Boost)  
  38  6:58  Stalker  
  38  7:00  Pylon  
  40  7:08  Stalker  
  42  7:12  Probe  
  43  7:21  Forge  
  43  7:24  Probe  
  44  7:35  Twilight Council  
  44  7:38  Probe (Chrono Boost)  
  45  7:46  Probe (Chrono Boost)  
  47  7:55  Probe (Chrono Boost)  
  47  7:56  Probe (Chrono Boost)  
  47  7:58  Shield Battery  
  48  8:01  Probe (Chrono Boost)  
  48  8:02  Sentry  
  50  8:06  Blink  
  50  8:12  Stalker  
  51  8:20  Phoenix, Protoss Ground Weapons Level 1 (Chrono Boost)  
  51  8:21  Probe x2  
  53  8:33  Probe x2  
  55  8:37  Stalker  
  57  8:44  Stalker  
  59  8:49  Stalker  
  59  8:52  Probe  
  59  8:53  Probe  
  63  9:02  Assimilator  
  63  9:04  Stalker  
  65  9:15  Stalker  
  65  9:16  Stalker  
  69  9:19  Pylon  
  69  9:30  Assimilator  
  69  9:31  Pylon, Probe  
  70  9:37  Probe  
  71  9:43  Photon Cannon  
  70  9:59  Robotics Facility  
  70  10:14  Probe  
  70  10:16  Photon Cannon, Nexus  
  70  10:17  Probe  
  72  10:23  Pylon  
  72  10:27  Stalker  
  72  10:28  Protoss Ground Weapons Level 2 (Chrono Boost)  
  74  10:44  Gateway  
  74  10:46  Stalker  
  76  10:56  Observer  
  77  11:00  Robotics Bay  
  77  11:01  Stalker  
  79  11:10  Stalker  
  81  11:13  Charge  
  81  11:25  Gateway  
  80  11:32  Probe x2 (Chrono Boost)  
  83  11:34  Probe (Chrono Boost)  
  85  11:40  Probe x2 (Chrono Boost)  
  85  11:45  Stalker, Gateway  
  87  11:50  Stalker  
  87  11:51  Probe  
  87  11:53  Probe  
  91  11:59  Stalker  
  93  12:01  Probe  
  93  12:03  Probe  
  93  12:05  Probe  
  96  12:12  Disruptor (Chrono Boost)  
  96  12:13  Probe  
  97  12:15  Probe  
  97  12:17  Probe  
  102  12:35  Gateway  
  102  12:40  Gateway  
  102  12:41  Stalker  
  102  12:42  Pylon  
  104  12:47  Templar Archives  
  92  12:52  Stalker  
  92  12:53  Stalker x2  
  91  13:02  Disruptor (Chrono Boost)  
  70  13:13  Stalker  
  70  13:14  Stalker  
  70  13:18  Zealot  
  68  13:24  Zealot  
  62  13:28  Stalker  
  52  13:41  High Templar x5  
  52  13:42  High Templar  
  52  13:46  Observer  
  64  13:57  Archon x3  
  64  13:59  Zealot x2  
  58  14:09  Probe x2  
  52  14:18  High Templar x2  
  52  14:19  High Templar  
  52  14:20  High Templar  
  52  14:21  Probe x2  
  62  14:25  Archon x2  
  62  14:27  Zealot  
  64  14:33  Probe  
  65  14:39  Stalker x2  
  65  14:45  Stalker  
  71  14:54  Stalker  
  71  14:58  Stalker  
  75  15:05  Warp Prism (Chrono Boost)  
  77  15:26  Zealot x2  
  77  15:27  Zealot  
  77  15:29  Zealot  
  73  15:38  Zealot  
  73  15:39  Zealot  
  72  15:47  Zealot  
  64  15:52  Probe  
  55  16:06  High Templar  
  55  16:07  High Templar  
  47  16:22  Archon  
  43  16:32  Observer  
  37  16:37  Probe (Chrono Boost)  
  39  16:40  High Templar  
  39  16:42  Probe (Chrono Boost)  
  39  16:46  Probe (Chrono Boost)  
  42  16:50  Probe (Chrono Boost)  
  42  16:53  Probe  
  43  17:01  Probe  
  45  17:16  High Templar  
  47  17:26  Probe x2  
  49  17:34  Archon  
  49  17:38  Probe x2  
  49  17:43  Shield Battery  
  52  17:51  Disruptor (Chrono Boost)  
  46  18:51  Stalker x3  
  46  18:52  Stalker  
  48  19:11  Stalker x2  
  44  19:28  Stalker x3  
  48  19:45  Zealot x3  
  42  19:56  Zealot  
  35  20:01  High Templar x2  
  39  20:08  Archon  
Tags
 
Matchup
PvP
Replay Pack
Replays
Spawn Locations
Cross Positions
Add a new tag
Caveats
  • Supply blocks, unpowered buildings, or Contaminate may cause inaccurate times.
  • Supply counts are checked every 10 seconds.